 Dungeon Crawl Stone Soup version 0.29.1-1-gd02db6906a (webtiles) character file.

Game seed: 1400010263566913153

583 inmateoo the Sneak (level 7, 0/90 HPs)
             Began as a Naga Enchanter on Sept 29, 2022.
             Slain by a two-headed ogre
             ... wielding a +0 giant club
              (21 damage)
             ... on level 5 of the Dungeon.
             The game lasted 00:07:45 (5692 turns).

inmateoo the Sneak (Naga Enchanter)                 Turns: 5692, Time: 00:07:45

Health: 0/90       AC: 11    Str: 11    XL:     7   Next: 37%
Magic:  1/11       EV: 13    Int: 17    God:
Gold:   192        SH:  0    Dex: 11    Spells: 7/12 levels left

rFire   . . .      SeeInvis +   a - +1 dagger
rCold   . . .      Faith    .   (no shield)
rNeg    . . .      Spirit   .   b - +0 robe
rPois   +          Reflect  .   (no helmet)
rElec   .          Harm     .   (no cloak)
rCorr   .          Rampage  .   h - +1 pair of gloves
Will    .....                   e - +2 barding
Stlth   ..........              (no amulet)
HPRegen 0.25/turn               n - +4 ring of evasion
MPRegen 0.12/turn               (no ring)

@: berserking, invisible, quick
A: AC +2, large, see invisible, deformed body, poison resistance, slowness 2,
spit poison 1, naga tail 1
a: Spit Poison


You were on level 5 of the Dungeon.
You visited 2 branches of the dungeon, and saw 7 of its levels.

You collected 192 gold pieces.

Inventory:

Hand Weapons
 a - a +1 dagger (weapon)
 r - a +0 whip of electrocution
Missiles
 u - 2 poisoned darts
Armour
 b - a +0 robe (worn)
 e - a +2 barding (worn)
 h - a +1 pair of gloves (worn)
Jewellery
 n - a +4 ring of evasion (left hand)
Wands
 s - a wand of flame (8)
Scrolls
 k - 5 scrolls of identify
 l - 2 scrolls of brand weapon {unknown}
 o - 2 scrolls of poison {unknown}
 p - a scroll of acquirement {unknown}
 q - a scroll of fog {unknown}
Potions
 d - 2 potions of berserk rage
 f - 2 potions of haste {unknown}
 g - 3 potions of mutation {unknown}
 i - 4 potions of curing {unknown}
 j - a potion of heal wounds {unknown}
 m - a potion of attraction {unknown}
 t - a potion of might {unknown}


   Skills:
 + Level 2.0 Fighting
 - Level 1.0 Short Blades
 + Level 4.6 Dodging
 - Level 5.0 Stealth
 + Level 2.0 Unarmed Combat
 - Level 3.0 Spellcasting
 - Level 3.0 Hexes
 - Level 3.0 Ice Magic


You had 7 spell levels left.
You knew the following spells:

 Your Spells              Type           Power      Damage    Failure   Level
a - Ensorcelled Hibernat  Hex/Ice        24%        N/A       8%          2
b - Tukima's Dance        Hex            12%        N/A       16%         3

Your spell library contained the following spells:

 Spells                   Type           Power      Damage    Failure   Level
 Confusing Touch          Hex            12%        N/A       16%         3
 Dazzling Flash           Conj/Hex       14%        N/A       28%         3
 Portal Projectile        Hex/Tloc       14%        N/A       28%         3
 Gell's Gravitas          Tloc           2%         N/A       45%         3
 Teleport Other           Tloc           2%         N/A       45%         3
 Blade Hands              Tmut           1%         N/A       99%         5
 Dispersal                Tloc           1%         N/A       100%        6


Dungeon Overview and Level Annotations

Branches:
Dungeon (6/15)             Temple (1/1) D:5

Altars:
Ashenzari
Cheibriados
Dithmenos
Fedhas
Gozag
Makhleb
Nemelex Xobeh
Okawaru
Qazlal
Ru
Sif Muna
Trog
Wu Jian
Xom

Shops:
D:2 :


Innate Abilities, Weirdness & Mutations

Your serpentine skin is tough. (AC +2)
You have supernaturally acute eyesight. (SInv)
Armour fits poorly on your strangely shaped body.
Your system is resistant to poisons. (rPois)
You cover ground very slowly.
You can spit poison.
You have a snake-like lower body.


Message History

Aim: a two-headed ogre, wielding two +0 giant clubs (chance to affect: 28%)
The two-headed ogre easily resists.
Casting: Tukima's Dance (dangerous; 16% risk of failure)
Confirm with . or Enter, or press ? or * to list all spells.
You don't have enough magic to cast this spell.
Casting: Tukima's Dance (dangerous; 16% risk of failure)
Confirm with . or Enter, or press ? or * to list all spells.
Aiming: Ensorcelled Hibernation (safe; 8% risk of failure)
Press: ? - help, Shift-Dir - straight line, f/p - two-headed ogre
Aim: a two-headed ogre, wielding two +0 giant clubs (chance to affect: 28%)
The two-headed ogre easily resists.
The two-headed ogre hits you with a +0 giant club.
The two-headed ogre hits you with a +0 giant club!
Okay, then.
Okay, then.
You fade into invisibility!
You hit the two-headed ogre.
The two-headed ogre is lightly wounded.
The two-headed ogre misses you. x2
You hit the two-headed ogre but do no damage.
The two-headed ogre is lightly wounded.
You barely miss the two-headed ogre.
The two-headed ogre is lightly wounded.
The two-headed ogre hits you with a +0 giant club!!
The two-headed ogre closely misses you.
You hit the two-headed ogre but do no damage.
The two-headed ogre is lightly wounded.
The two-headed ogre hits you with a +0 giant club!!
* * * LOW HITPOINT WARNING * * *
The two-headed ogre closely misses you.
You closely miss the two-headed ogre.
The two-headed ogre is lightly wounded.
You hit the two-headed ogre.
The two-headed ogre is lightly wounded.
The two-headed ogre barely misses you.
The two-headed ogre completely misses you.
A red film seems to cover your vision as you go berserk!
You feel yourself moving faster!
You feel mighty!
The two-headed ogre hits you with a +0 giant club!!
You die...

##.. .... ...# #...###
#..# #...... #.. #
#...... #.###.# ......
########)#<..#
####...##.........##....
#.....O......###.......#
#......@#....# #########
#.......#....#
..............##
..............######
..######..........#
...## #..........#
#####..#####........#
#.......##.)........#
#.....#.##.####.#####


You could see a two-headed ogre (unable to see you).

Vanquished Creatures
  A black bear (D:4)
  A necrophage (D:5)
  2 scorpions
  An orc priest (D:6)
  An orc wizard (D:4)
  An iguana (D:5)
  Terence (D:3)
  2 gnolls
  11 adders
  A dart slug (D:4)
  7 orcs
  4 bats (D:1)
  2 endoplasms
  2 giant cockroaches (D:1)
  6 goblins
  4 hobgoblins
  A quokka (D:2)
  12 ball pythons
  2 frilled lizards
  4 kobolds
  5 rats
71 creatures vanquished.

Vanquished Creatures (collateral kills)
  3 gnolls
  2 orcs
5 creatures vanquished.

Vanquished Creatures (others)
  2 dancing weapons
2 creatures vanquished.

Grand Total: 78 creatures vanquished

Notes
Turn   | Place    | Note
-------+----------+-------------------------------------------
     0 | D:1      | inmateoo the Naga Enchanter began the quest for the Orb.
     0 | D:1      | Reached XP level 1. HP: 15/15 MP: 3/3
   530 | D:1      | Reached XP level 2. HP: 22/22 MP: 5/5
   865 | D:1      | Reached skill level 5 in Stealth
   912 | D:1      | Learned a level 2 spell: Ensorcelled Hibernation
   954 | D:1      | Reached XP level 3. HP: 21/28 MP: 6/6
  1349 | D:1      | Found a faded altar of an unknown god.
  1823 | D:2      | Reached skill level 1 in Ice Magic
  1823 | D:2      | Reached XP level 4. HP: 33/36 MP: 6/8
  1851 | D:2      | Found a sparkling altar of Nemelex Xobeh.
  2226 | D:2      | Found Kieganorgh's Book Shoppe.
  2620 | D:3      | Noticed Terence
  2627 | D:3      | Killed Terence
  2897 | D:3      | Reached XP level 5. HP: 42/42 MP: 9/9
  3016 | D:3      | You fall into a shaft and drop 3 floors!
  3234 | D:5      | Entered Level 5 of the Dungeon
  3246 | D:5      | Found a staircase to the Ecumenical Temple.
  3371 | D:6      | Noticed a black bear
  3388 | D:6      | Learned a level 3 spell: Tukima's Dance
  3545 | D:6      | Reached XP level 6. HP: 45/49 MP: 4/10
  4133 | Temple   | Entered the Ecumenical Temple
  4133 | Temple   | Found a transporter.
  4133 | Temple   | Found a transporter.
  4135 | Temple   | Found a transporter.
  4135 | Temple   | Found a transporter.
  4250 | D:5      | Identified the +2 short sword "Vuez" {holy, +Blink Fly}
  4318 | D:5      | Reached skill level 1 in Fighting
  4318 | D:5      | Reached skill level 1 in Unarmed Combat
  4700 | D:3      | Reached XP level 7. HP: 57/57 MP: 6/11
  5198 | D:4      | Found a sacrificial altar of Ru.
  5586 | D:4      | Found a shimmering blue altar of Sif Muna.
  5678 | D:5      | Noticed a two-headed ogre
  5692 | D:5      | Slain by a two-headed ogre

Illustrated notes

Levels and vault maps discovered:
D:1:      lightli_arrival_isolated_outpost, layout_basic,
          hellmonk_ecumenical_altar_pennies_from_heaven, chequers_avenue
D:2:      layout_rooms, basic_altar, serial_shops, shop
D:3:      layout_basic, chequers_decorated_corner, minmay_snake_closets,
          uniq_terence
D:4:      layout_loops_ring, tgw_sif, lemuel_coloured_pillars_altar
D:5:      minmay_general_purpose_star, layout_basic,
          minmay_temple_entry_proselytizer
D:6:      layout_rooms, chequers_temple_overflow_statue_of_worship,
          elyvilon_altar_3, serial_rivers, chequers_serial_rivers_micro_c,
          chequers_serial_rivers_small_a, chequers_serial_rivers_micro_a,
          chequers_serial_rivers_micro_b, chequers_serial_rivers_micro_b,
          cheibrodos_sewer_entry_sluice, nicolae_fountain_basement
Temple:   hellmonk_temple_divided_pantheon

Skill      XL: |  1  2  3  4  5  6  7 |
---------------+----------------------+-----
Dodging        | 2 3 4 |  4.6
Stealth        | 5 |  5.0
Ice Magic      | 1 3 |  3.0
Spellcasting   | 3 |  3.0
Fighting       | 1 2 |  2.0
Unarmed Combat | 1 2 |  2.0
Short Blades   | |  1.0
Hexes          | |  3.0

Action                   |  1- 3 |  4- 6 |  7- 9 || total
-------------------------+-------+-------+-------++-------
Melee: Dagger            |   101 |   152 |    57 ||   310
       Unarmed           |       |    10 |       ||    10
       Punch             |       |       |     1 ||     1
 Cast: Ensorcelled Hiber |       |     5 |     3 ||     8
       Tukima's Dance    |       |    10 |     4 ||    14
 Abil: Spit Poison       |     9 |    13 |     3 ||    25
Evoke: Wand              |       |     8 |       ||     8
  Use: Potion            |     1 |     3 |     2 ||     6
       Scroll            |     2 |     4 |       ||     6
 Stab: Sleeping          |    11 |    11 |     3 ||    25
       Invisible         |     1 |       |       ||     1
Armor: Robe              |    27 |    47 |    23 ||    97
       Skin              |       |    11 |       ||    11
Dodge: Dodged            |    51 |   105 |    42 ||   198
